 Dungeon Crawl Stone Soup version 0.20.1-1-g8b1a95d (webtiles) character file.

10873 McKennaii the Destroyer (level 11, -12/80 HPs)
             Began as a Demigod Conjurer on Aug 26, 2017.
             Mangled by Snorg (15 damage)
             ... on level 10 of the Dungeon.
             The game lasted 00:27:58 (13083 turns).

McKennaii the Destroyer (Demigod Conjurer)         Turns: 13083, Time: 00:27:59

Health: -12/80     AC: 10    Str: 15    XL:     11   Next: 19%
Magic:  3/38       EV: 13    Int: 25    God:
Gold:   255        SH:  2    Dex: 16    Spells: 24/29 levels left

rFire    x . .     SeeInvis .     - Unarmed
rCold    . . .     Gourm    .   (no shield)
rNeg     . . .     Faith    .   G - +1 ring mail "Micuuhojex" {+Fly Slay+3} (curse)
rPois    .         Spirit   .   I - +2 hat
rElec    .         Reflect  +   (no cloak)
rCorr    .         Harm     .   F - +1 pair of gloves of Noligut {+Inv rF- Str+4}
MR       ++...                  (no boots)
Stlth    ++........             j - +2 amulet of reflection
Regen    0.3/turn               l - ring of protection from magic
MPRegen  0.3/turn               f - ring of magical power

@: no status effects
A: high mp 1
a: Evoke Invisibility, Evoke Flight


You were on level 10 of the Dungeon.
You were hungry.

You visited 1 branch of the dungeon, and saw 10 of its levels.

You collected 810 gold pieces.
You spent 555 gold pieces at shops.

Inventory:

Armour
 F - the +1 pair of gloves of Noligut (worn) {+Inv rF- Str+4}
   (You bought it in a shop on level 7 of the Dungeon)

   It affects your strength (+4).
   It makes you vulnerable to fire.
   It lets you turn invisible.
 G - the cursed +1 ring mail "Micuuhojex" (worn) {+Fly Slay+3}
   (You bought it in a shop on level 7 of the Dungeon)

   It affects your accuracy and damage with ranged weapons and melee attacks
   (+3).
   It lets you fly.
   It has a curse placed upon it.
 I - a +2 hat (worn)
Jewellery
 f - a ring of magical power (right hand)
 j - a +2 amulet of reflection (around neck)
 l - a ring of protection from magic (left hand)
 t - an uncursed ring of positive energy
 J - a +2 ring of slaying {unknown}
Wands
 i - a wand of flame (22/48)
 s - a wand of confusion (10/48)
 x - a wand of lightning (3/15)
 B - a wand of paralysis (21/24)
 N - a wand of flame (17/48)
Scrolls
 d - 3 scrolls of teleportation
 e - 3 scrolls of identify
 g - 2 scrolls of enchant armour {unknown}
 m - 3 scrolls of recharging {unknown}
 n - 5 scrolls of fog {unknown}
 p - 2 scrolls of amnesia {unknown}
 r - 2 scrolls of immolation {unknown}
 u - 4 scrolls of enchant weapon {unknown}
 v - 4 scrolls of remove curse {unknown}
 y - a scroll of magic mapping {unknown}
 A - a scroll of fear {unknown}
 C - a scroll of random uselessness {unknown}
 E - a scroll of blinking {unknown}
Potions
 a - a potion of agility
 h - a potion of haste
 k - a potion of berserk rage
 q - a potion of might
 w - a potion of heal wounds
 z - 2 potions of flight
 H - a potion of mutation {unknown}
 O - a potion of degeneration {unknown}
Books
 b - a book of Conjurations

   Spells                             Type                      Level
   a - Magic Dart                     Conjuration                  1
   b - Searing Ray                    Conjuration                  2
   c - Dazzling Spray                 Conjuration/Hexes            3
   d - Fulminant Prism                Conjuration/Hexes            4
   e - Force Lance                    Conjuration/Translocation    4
   f - Iskenderun's Mystic Blast      Conjuration                  4
 K - a book of Minor Magic

   Spells                             Type                      Level
   a - Magic Dart                     Conjuration                  1
   b - Blink                          Translocation                2
   c - Call Imp                       Summoning                    2
   d - Slow                           Hexes                        2
   e - Conjure Flame                  Conjuration/Fire             3
   f - Mephitic Cloud                 Conjuration/Poison/Air       3
 P - a book of Spatial Translocations

   Spells                             Type                      Level
   a - Blink                          Translocation                2
   b - Shroud of Golubria             Charms/Translocation         2
   c - Lesser Beckoning               Translocation                3
   d - Gell's Gravitas                Translocation                3
   e - Teleport Other                 Translocation                3
   f - Passage of Golubria            Translocation                4
Comestibles
 c - 6 bread rations
 o - 3 meat rations
 D - a royal jelly
 M - 24 fruits


   Skills:
 + Level 2.4 Fighting
 * Level 3.0 Armour
 + Level 4.5 Dodging
 + Level 3.8 Stealth
 + Level 2.9 Unarmed Combat
 * Level 9.7 Spellcasting
 * Level 11.2 Conjurations


You had 24 spell levels left.
You knew the following spells:

 Your Spells              Type           Power        Failure   Level  Hunger
a - Magic Dart            Conj           ####         1%          1    None
b - Iskenderun's Mystic   Conj           ######..     1%          4    #......


Dungeon Overview and Level Annotations

Branches:
Dungeon (10/15)            Temple (0/1) D:7             Orc (0/2) D:9
   Lair: D:8-11

Shops:
D:5 (   D:7 [   D:9 [([

Annotations:
D:10 Snorg; raetorn's ghost, journeyman DsGl


Innate Abilities, Weirdness & Mutations

You have an increased reservoir of magic. (+10% MP)


Message History

Snorg barely misses you.
You feel much better. Snorg bites you!!
* * * LOW HITPOINT WARNING * * *
Snorg barely misses you. x2
Snorg rages.
Snorg closely misses you. Snorg claws you!
* * * LOW HITPOINT WARNING * * *
Snorg claws you but does no damage.
Snorg rages.
Evoke which item? (* to show all) (? for menu, Esc to quit)
Aiming: Lightning Bolt (will waste charges)
Press: ? - help, Shift-Dir - straight line, f/p - Snorg
Aim: Snorg (almost dead, berserk, fast, unusually strong)
You hear a mighty clap of thunder!
The bolt of lightning hits Snorg.
Snorg is almost dead.
Evoking this partially-identified wand wasted a few charges.
You hear a shout!
Snorg is no longer berserk.
Snorg bites you!
You die...

##.........
##..........
##...........
##............
##.............
##..............
##...............
##<...............
#@T...............
##................
##W..............
##..............
##.............
##............
##...........
##..........
##(........


You could see Snorg and raetorn's ghost.

Vanquished Creatures
  Gastronok (D:8)
  2 two-headed ogres
  Pikel (D:3)
  A gargoyle (D:9)
  A hornet (D:9)
  3 wyverns (D:8)
  5 yaks (D:9)
  2 ice beasts
  9 sky beasts
  3 orc warriors
  2 phantoms
  A black bear (D:7)
  7 ogres
  A slave (D:2)
  6 centaurs
  A crocodile (D:10)
  A big kobold (D:10)
  A wyvern zombie (D:9)
  6 bullfrogs
  A gnoll sergeant (D:6)
  3 scorpions
  A water moccasin zombie (D:7)
  8 wights
  5 killer bees (D:7)
  A howler monkey (D:5)
  A vampire bat (D:5)
  6 crimson imps
  2 centaur zombies
  2 bullfrog zombies
  A quasit (D:8)
  6 hounds
  3 jellies
  5 orc wizards
  A bullfrog skeleton (D:5)
  5 orc priests
  Jessica (D:3)
  5 iguanas
  Ijyb (D:3)
  8 worker ants
  A hound skeleton (D:7)
  4 gnolls (D:6)
  16 adders
  2 river rats (D:4)
  A shadow imp (D:8)
  3 adder skeletons
  4 worms
  A dart slug (D:3)
  3 leopard geckos
  32 orcs
  A ball python (D:4)
  11 bats
  5 giant cockroaches
  8 hobgoblins
  6 jackals
  3 quokkas
  5 frilled lizards
  A giant cockroach zombie (D:6)
  6 goblins
  2 jackal zombies
  4 kobolds
  A quokka skeleton (D:4)
  6 rats
246 creatures vanquished.

Vanquished Creatures (others)
  2 hounds (D:4)
  2 orc wizards (D:4)
4 creatures vanquished.

Grand Total: 250 creatures vanquished

Notes
Turn   | Place    | Note
-------+----------+-------------------------------------------
     0 | D:1      | McKennaii the Demigod Conjurer began the quest for the Orb.
     0 | D:1      | Reached XP level 1. HP: 14/14 MP: 5/5
   120 | D:1      | Reached skill level 4 in Conjurations
   120 | D:1      | Reached XP level 2. HP: 20/20 MP: 1/7
   813 | D:2      | Reached XP level 3. HP: 26/26 MP: 4/8
  1555 | D:3      | Noticed Jessica
  1558 | D:3      | Killed Jessica
  1558 | D:3      | Reached XP level 4. HP: 33/33 MP: 5/10
  1564 | D:3      | Learned a level 4 spell: Iskenderun's Mystic Blast
  2060 | D:3      | Noticed Ijyb
  2203 | D:3      | Killed Ijyb
  2203 | D:3      | Reached skill level 5 in Conjurations
  2418 | D:4      | Noticed Pikel
  2418 | D:4      | Noticed a slave
  2418 | D:4      | Noticed a slave
  2418 | D:4      | Noticed a slave
  2418 | D:4      | Noticed a slave
  2449 | D:2      | HP: 1/33 [slave[Pikel] (7)]
  2463 | D:2      | Killed a slave
  2632 | D:3      | Killed Pikel
  2632 | D:3      | Reached skill level 1 in Fighting
  2632 | D:3      | Reached skill level 1 in Unarmed Combat
  2632 | D:3      | Reached XP level 5. HP: 6/40 MP: 1/13
  2632 | D:3      | Reached XP level 6. HP: 7/47 MP: 1/14
  3020 | D:4      | Reached XP level 7. HP: 52/52 MP: 3/15
  3111 | D:4      | Found a radiant altar of Vehumet.
  4117 | D:5      | Entered Level 5 of the Dungeon
  4259 | D:5      | Found a basalt altar of Yredelemnul.
  4525 | D:5      | Reached skill level 6 in Conjurations
  4642 | D:5      | Found an opulent altar of Gozag.
  5498 | D:5      | Reached XP level 8. HP: 60/60 MP: 18/18
  5539 | D:5      | Reached skill level 5 in Spellcasting
  5721 | D:5      | Found Zuit's Antique Weapon Boutique.
  5894 | D:6      | Found a blossoming altar of Fedhas.
  5952 | D:6      | Reached skill level 7 in Conjurations
  7140 | D:6      | Found a shadowy altar of Dithmenos.
  7147 | D:6      | Reached XP level 9. HP: 67/67 MP: 18/22
  7307 | D:7      | Reached skill level 8 in Conjurations
  8511 | D:7      | Found an iron altar of Okawaru.
  8545 | D:7      | Found Getosain's Antique Armour Shop.
  8548 | D:7      | Bought a pair of polished gloves for 285 gold pieces
  8558 | D:7      | Identified the +1 pair of gloves of Noligut {+Inv rF- Str+4} (You bought it in a shop on level 7 of the Dungeon)
  8599 | D:7      | Found a staircase to the Ecumenical Temple.
  8817 | D:7      | Reached skill level 9 in Conjurations
  9193 | D:7      | Bought a faintly humming ring mail for 270 gold pieces
  9204 | D:7      | Identified the cursed +1 ring mail "Micuuhojex" {+Fly Slay+3} (You bought it in a shop on level 7 of the Dungeon)
  9542 | D:8      | Noticed Gastronok
  9615 | D:8      | Noticed a two-headed ogre
  9619 | D:8      | Killed a two-headed ogre
  9619 | D:8      | Reached XP level 10. HP: 73/73 MP: 20/26
  9947 | D:8      | Reached skill level 10 in Conjurations
 10138 | D:8      | Killed Gastronok
 10138 | D:8      | Reached skill level 1 in Armour
 10643 | D:8      | Found a burning altar of Makhleb.
 10663 | D:9      | Found Goibionn's Antique Armour Boutique.
 11485 | D:9      | Found Esepn's Armour Shoppe.
 11487 | D:9      | Found a staircase to the Orcish Mines.
 11490 | D:9      | Found Qed Heeff's Weapon Shoppe.
 11557 | D:9      | Noticed a two-headed ogre
 11562 | D:9      | Killed a two-headed ogre
 11562 | D:9      | Reached XP level 11. HP: 80/80 MP: 10/29
 11577 | D:9      | Reached skill level 11 in Conjurations
 12292 | D:10     | Entered Level 10 of the Dungeon
 12300 | D:10     | Noticed raetorn's ghost (journeyman DsGl)
 13046 | D:10     | Noticed Snorg
 13079 | D:10     | HP: 2/80 [Snorg (9)]
 13083 | D:10     | Mangled by Snorg

Skill      XL: |  1  2  3  4  5  6  7  8  9 10 11 |
---------------+----------------------------------+-----
Conjurations   | 4 5 6 7 9 10 11 | 11.2
Spellcasting   | 2 3 4 6 8 9 |  9.7
Stealth        | 2 3 |  3.8
Fighting       | 1 2 |  2.4
Dodging        | 3 4 |  4.5
Unarmed Combat | 1 2 |  2.9
Armour         | 2 3 |  3.0

Action                   |  1- 3 |  4- 6 |  7- 9 | 10-12 || total
-------------------------+-------+-------+-------+-------++-------
Melee: Unarmed           |       |    76 |    27 |    58 ||   161
 Cast: Magic Dart        |    59 |    43 |   418 |   159 ||   679
       Iskenderun's Myst |       |    13 |    87 |   106 ||   206
Evoke: Wand              |       |       |       |     1 ||     1
  Use: Potion            |       |     6 |     4 |     5 ||    15
       Scroll            |       |     1 |     4 |       ||     5
 Stab: Invisible         |       |     5 |       |       ||     5
  Eat: Chunk             |     1 |     5 |    10 |     9 ||    25
       Fruit             |       |     1 |       |       ||     1
       Meat ration       |       |     1 |     3 |       ||     4
       Bread ration      |       |       |       |     1 ||     1
Armor: Robe              |     2 |    30 |    52 |       ||    84
       Ring mail         |       |       |     2 |    62 ||    64
Dodge: Dodged            |     3 |    47 |   154 |    76 ||   280
Block: Other             |       |       |    11 |    12 ||    23
       Reflection        |       |       |     2 |       ||     2
